Map: Bel'Shir Vestige LE (Void)

Players

Loken

  • Race: Protoss Protoss
  • League: Platinum
  • Spawn Location: 5:00

Pelden - Winner!

  • Race: Zerg Zerg
  • Spawn Location: 11:00

VOD

Have the link to the VOD?

Description

Time

  • Played on: April 11, 2017, 5:13 p.m.
  • Length: 16:57
Show
View Real Time Build Order
Export as new Build Order

Loken Protoss 

Build Orders: 1 Gate Expand 

Get SALT Encoding   

  12  0:01  Probe (Chrono Boost)  
  13  0:11  Probe (Chrono Boost)  
  14  0:22  Probe (Chrono Boost)  
  14  0:25  Pylon  
  15  0:43  Probe (Chrono Boost)  
  15  0:44  Gateway  
  16  0:53  Probe (Chrono Boost)  
  17  1:05  Pylon  
  17  1:27  Nexus  
  17  1:33  Probe (Chrono Boost)  
  17  1:36  Cybernetics Core, Assimilator  
  18  1:43  Probe (Chrono Boost)  
  18  1:45  Pylon  
  19  1:50  Zealot  
  22  1:54  Probe (Chrono Boost)  
  22  2:11  Assimilator  
  22  2:12  Probe (Chrono Boost)  
  24  2:22  Probe (Chrono Boost)  
  24  2:24  Warp Gate  
  24  2:30  Gateway  
  24  2:40  Probe x2 (Chrono Boost)  
  26  2:50  Probe (Chrono Boost)  
  27  2:55  Stalker  
  27  2:57  Probe (Chrono Boost)  
  30  3:04  Probe (Chrono Boost)  
  30  3:08  Probe (Chrono Boost)  
  31  3:12  Pylon  
  31  3:14  Probe (Chrono Boost)  
  31  3:18  Probe (Chrono Boost)  
  33  3:21  Stargate  
  33  3:26  Pylon  
  33  3:33  Probe (Chrono Boost)  
  34  3:40  Probe (Chrono Boost)  
  35  3:43  Probe (Chrono Boost)  
  35  3:48  Stalker x2  
  40  3:50  Probe (Chrono Boost)  
  40  3:51  Gateway  
  41  3:58  Twilight Council  
  41  4:05  Probe (Chrono Boost)  
  42  4:13  Assimilator  
  42  4:14  Phoenix  
  42  4:16  Assimilator  
  44  4:28  Probe (Chrono Boost)  
  44  4:31  Probe (Chrono Boost)  
  47  4:38  Probe (Chrono Boost)  
  47  4:41  Probe (Chrono Boost)  
  47  4:44  Stalker x2  
  52  4:49  Probe (Chrono Boost)  
  52  4:50  Gateway  
  52  4:52  Probe (Chrono Boost)  
  54  4:53  Phoenix  
  54  4:54  Gateway  
  55  5:10  Stalker x3  
  61  5:24  Pylon  
  61  5:25  Pylon  
  61  5:28  Forge  
  61  5:42  Phoenix  
  63  5:43  Stalker x2  
  63  5:44  Stalker  
  69  5:52  Blink  
  69  5:56  Probe (Chrono Boost)  
  71  5:57  Probe (Chrono Boost)  
  71  6:05  Protoss Ground Weapons Level 1  
  71  6:06  Probe (Chrono Boost)  
  71  6:07  Probe (Chrono Boost)  
  73  6:17  Probe (Chrono Boost)  
  74  6:28  Pylon  
  74  6:29  Pylon  
  74  6:31  Pylon  
  70  6:37  Stalker x3  
  47  7:02  Stalker x3  
  47  7:13  Void Ray  
  47  7:20  Stalker x2  
  49  7:28  Probe (Chrono Boost)  
  50  7:30  Probe (Chrono Boost)  
  51  7:38  Stalker x3  
  51  7:39  Probe (Chrono Boost)  
  51  7:41  Probe (Chrono Boost)  
  59  7:49  Probe (Chrono Boost)  
  58  7:54  Mothership Core (Chrono Boost)  
  42  8:12  Stalker  
  42  8:13  Stalker x2  
  42  8:14  Void Ray  
  52  8:22  Probe (Chrono Boost)  
  53  8:32  Probe (Chrono Boost)  
  47  8:51  Void Ray  
  47  9:01  Probe (Chrono Boost)  
  52  9:04  Probe (Chrono Boost)  
  52  9:12  Probe (Chrono Boost)  
  52  9:16  Probe (Chrono Boost)  
  53  9:35  Stalker x3  
  53  9:36  Stalker x2  
  62  9:43  Void Ray  
  66  9:56  Probe (Chrono Boost)  
  66  9:59  Probe (Chrono Boost)  
  68  10:06  Probe (Chrono Boost)  
  61  10:08  Sentry x5  
  61  10:11  Probe (Chrono Boost)  
  66  10:34  Stalker  
  66  10:35  Stalker x4  
  76  11:05  Nexus  
  52  11:25  Stalker x3  
  50  11:26  Stalker x2  
  50  11:30  Templar Archives  
  50  11:31  Oracle  
  63  11:54  Probe (Chrono Boost)  
  63  11:55  Probe (Chrono Boost)  
  63  11:57  Sentry x4  
  71  12:05  Probe (Chrono Boost)  
  71  12:07  Probe (Chrono Boost)  
  73  12:10  High Templar  
  75  12:21  High Templar  
  75  12:22  High Templar  
  79  12:27  High Templar  
  81  12:30  Archon  
  81  12:32  Archon  
  81  12:46  Charge  
  77  12:52  Zealot x2  
  81  13:02  Probe (Chrono Boost)  
  81  13:03  Probe (Chrono Boost)  
  81  13:04  Probe (Chrono Boost)  
  84  13:09  Pylon x2  
  84  13:13  Zealot x4, Probe x2 (Chrono Boost)  
  84  13:14  Zealot  
  84  13:16  Probe (Chrono Boost)  
  98  13:28  Probe (Chrono Boost)  
  98  13:29  Gateway  
  98  13:31  Gateway, Probe (Chrono Boost)  
  98  13:32  Probe (Chrono Boost)  
  98  13:40  Probe (Chrono Boost)  
  87  13:41  Probe (Chrono Boost)  
  87  13:45  Zealot x4  
  87  13:46  Zealot  
  98  14:08  High Templar x3  
  98  14:09  High Templar x2  
  108  14:14  Archon x2  
  108  14:23  Gateway  
  108  14:27  High Templar  
  108  14:28  Zealot  
  70  14:54  Stalker x4  
  70  14:55  Stalker x2  
  82  15:03  Probe x2 (Chrono Boost)  
  82  15:04  Probe (Chrono Boost)  
  84  15:14  Probe x2 (Chrono Boost)  
  86  15:17  Probe (Chrono Boost)  
  87  15:24  Probe x2 (Chrono Boost)  
  86  15:29  Probe (Chrono Boost)  
  50  15:50  Zealot x4  
  50  15:51  Zealot x3  
  52  15:59  Void Ray  
  56  16:14  Stalker x4  
  56  16:15  Stalker  
  48  16:43  Zealot x5  
  48  16:44  Zealot  
Show
View Real Time Build Order
Export as new Build Order

Pelden Zerg - Winner!

Build Orders: Hatch First 

Get SALT Encoding   

  12  0:01  Drone  
  13  0:12  Overlord  
  13  0:17  Drone  
  14  0:31  Drone x2  
  16  0:39  Drone  
  17  0:48  Drone  
  18  0:56  Drone  
  19  1:17  Drone  
  19  1:18  Overlord  
  20  1:21  Hatchery  
  20  1:24  Spawning Pool  
  18  1:30  Drone  
  19  1:41  Drone, Extractor  
  19  1:50  Drone  
  20  2:11  Queen  
  20  2:15  Hatchery, Drone x2  
  23  2:29  Zergling x2  
  24  2:35  Zergling x2  
  24  2:36  Queen  
  27  2:37  Drone  
  27  2:43  Drone, Roach Warren  
  28  2:47  Drone  
  29  3:06  Drone  
  29  3:07  Drone  
  29  3:12  Extractor  
  30  3:16  Drone x2  
  32  3:27  Lair  
  32  3:33  Drone x2  
  33  3:34  Zergling x4  
  35  3:44  Drone x2, Evolution Chamber  
  35  3:59  Drone x3  
  35  4:01  Spine Crawler  
  35  4:02  Overlord x3  
  37  4:04  Drone  
  37  4:09  Zerg Missile Weapons Level 1  
  38  4:11  Roach  
  38  4:14  Overlord  
  38  4:16  Drone  
  41  4:21  Drone x2  
  43  4:24  Roach  
  43  4:25  Roach  
  47  4:44  Roach  
  49  4:46  Glial Reconstitution  
  49  4:50  Roach  
  49  4:51  Hatchery  
  50  4:59  Roach x5  
  60  5:03  Drone x2  
  62  5:10  Drone x3  
  62  5:11  Roach  
  67  5:18  Roach x2  
  71  5:22  Roach  
  73  5:34  Overseer x2  
  73  5:38  Overlord x3  
  73  5:44  Overlord  
  73  5:56  Queen  
  75  5:58  Overlord x2  
  75  6:01  Queen  
  77  6:08  Drone, Hydralisk Den  
  77  6:10  Drone x3  
  77  6:11  Queen  
  79  6:34  Roach  
  79  6:35  Roach x8  
  79  6:38  Drone x3  
  95  6:41  Roach  
  95  6:45  Queen  
  91  6:48  Drone  
  90  7:00  Roach  
  90  7:01  Roach x6  
  104  7:02  Drone  
  103  7:09  Drone x2  
  103  7:12  Roach x3  
  103  7:24  Roach x3  
  107  7:31  Drone  
  107  7:32  Drone, Extractor  
  107  7:33  Drone  
  107  7:34  Extractor  
  107  7:36  Drone x2  
  110  7:42  Extractor  
  109  7:45  Spine Crawler  
  109  7:46  Spore Crawler  
  103  8:01  Roach x5  
  103  8:03  Drone x2  
  111  8:05  Drone  
  111  8:06  Roach  
  111  8:09  Hydralisk x2  
  111  8:10  Roach  
  111  8:11  Overlord  
  114  8:18  Drone  
  114  8:19  Drone, Extractor  
  109  8:21  Drone x2  
  109  8:26  Spore Crawler  
  110  8:30  Roach, Hydralisk x3  
  110  8:31  Roach  
  114  8:43  Hydralisk x3  
  114  8:44  Roach  
  114  8:47  Overseer  
  112  9:02  Hydralisk x3  
  112  9:06  Drone x3  
  112  9:07  Drone x2  
  112  9:09  Overlord x2  
  117  9:19  Hydralisk x4  
  117  9:20  Roach  
  115  9:39  Muscular Augments  
  115  9:44  Zerg Ground Armor Level 1  
  107  10:06  Hydralisk x5  
  105  10:08  Roach  
  105  10:09  Roach, Zergling x2  
  105  10:10  Zergling x18  
  105  10:23  Drone  
  96  10:29  Zergling x4, Hydralisk  
  98  10:36  Hatchery  
  97  10:46  Hydralisk  
  97  10:47  Hydralisk x2  
  103  10:50  Overlord x2  
  103  10:54  Spore Crawler  
  103  10:56  Spore Crawler  
  101  10:59  Spore Crawler  
  101  11:01  Hydralisk  
  101  11:02  Hydralisk  
  80  11:26  Hydralisk  
  80  11:27  Hydralisk x8  
  98  11:40  Zerg Missile Weapons Level 2  
  98  11:43  Roach x3  
  104  11:55  Hydralisk  
  104  11:56  Roach x2  
  110  12:02  Overseer x2  
  110  12:03  Hydralisk x4  
  110  12:05  Drone  
  110  12:06  Drone  
  120  12:18  Hydralisk x2  
  120  12:19  Hydralisk, Overlord  
  120  12:20  Overlord  
  122  12:51  Drone x3  
  120  12:58  Drone x4, Hydralisk x3  
  131  13:17  Roach x3, Hydralisk x2  
  141  13:28  Overlord x3  
  117  13:48  Hydralisk  
  117  13:49  Hydralisk x5  
  129  14:00  Drone x3  
  129  14:01  Hydralisk x3  
  138  14:10  Hatchery  
  138  14:13  Zerg Ground Armor Level 2  
  137  14:17  Infestation Pit  
  114  15:00  Spine Crawler  
  114  15:02  Spore Crawler  
  110  15:15  Hydralisk  
  110  15:16  Hydralisk x11  
  134  15:27  Evolution Chamber  
  125  15:35  Roach x4  
  113  15:46  Extractor  
  108  16:03  Roach x4  
  108  16:04  Roach x8  
  132  16:20  Drone  
  132  16:25  Hatchery, Overlord  
  132  16:26  Overlord x6  
Tags
 
Add a new tag
Caveats
  • Supply blocks, unpowered buildings, or Contaminate may cause inaccurate times.
  • Supply counts are checked every 10 seconds.